 Dungeon Crawl Stone Soup version 0.27-a0-906-g0a00ce863d (webtiles) character file.

Game seed: 6503949657707697661

8 Lanoc the Caller (level 2, -1/15 HPs)
             Began as a Deep Elf Summoner on Apr 6, 2021.
             Slain by a goblin
             ... wielding a +0 club
              (4 damage)
             ... on level 1 of the Dungeon.
             The game lasted 00:01:06 (637 turns).

Lanoc the Caller (Deep Elf Summoner)                 Turns: 637, Time: 00:01:07

Health: -1/15      AC:  2    Str:  5    XL:     2   Next: 0%
Magic:  7/8        EV: 13    Int: 19    God:
Gold:   28         SH:  0    Dex: 15    Spells: 6/7 levels left

rFire    . . .     SeeInvis .   (no weapon)
rCold    . . .     Faith    .   (no shield)
rNeg     . . .     Spirit   .   a - +0 robe
rPois    .         Reflect  .   (no helmet)
rElec    .         Harm     .   (no cloak)
rCorr    .         Rampage  .   (no gloves)
Will     .....                  (no boots)
Stlth    ++........             (no amulet)
HPRegen  0.05/turn              d - ring of flight
MPRegen  0.11/turn              (no ring)

@: flying
A: no striking features
a: no special abilities


You were on level 1 of the Dungeon.
You visited 1 branch of the dungeon, and saw 1 of its levels.

You collected 28 gold pieces.

Inventory:

Armour
 a - a +0 robe (worn)
Jewellery
 d - a ring of flight (left hand)
Scrolls
 b - a scroll of silence {unknown}
 c - a scroll of identify {unknown}


   Skills:
 + Level 2.7 Dodging
 - Level 2.4 Stealth
 - Level 3.0 Spellcasting
 * Level 4.7 Summonings


You had 6 spell levels left.
You knew the following spells:

 Your Spells              Type           Power      Damage    Failure   Level
h - Summon Small Mammal   Summ           80%        N/A       2%          1

Your spell library contained the following spells:

 Spells                   Type           Power      Damage    Failure   Level
 Call Imp                 Summ           20%        N/A       3%          2
 Call Canine Familiar     Summ           20%        N/A       6%          3
 Summon Guardian Golem    Hex/Summ       11%        N/A       17%         3
 Summon Ice Beast         Ice/Summ       11%        N/A       50%         4
 Summon Lightning Spire   Summ/Air       11%        N/A       50%         4


Dungeon Overview and Level Annotations

Branches:
Dungeon (1/15)

Altars:


Message History

Your bat closely misses the bat.
The bat closely misses you.
Your bat completely misses the bat.
The bat hits you.
* * * LOW HITPOINT WARNING * * *
You closely miss the bat. The bat barely misses you.
The hobgoblin hits your quokka.
Your quokka dies!
Your quokka's corpse disappears in a puff of smoke!
Your bat misses the bat. You hit the bat.
You kill the bat!
Your bat hits the goblin.
Your bat barely misses the goblin.
The goblin misses your bat. The bat hits you but does no damage.
You have reached level 2!
You hit the bat but do no damage. Your bat hits the goblin. The bat misses you.
The bat closely misses you.
Casting: Summon Small Mammal (safe; 2% risk of failure)
Confirm with . or Enter, or press ? or * to list all spells.
The hobgoblin hits you.
* * * LOW HITPOINT WARNING * * *
You barely miss the hobgoblin.
Your bat hits the hobgoblin but does no damage.
The hobgoblin hits you but does no damage.
Your bat misses the hobgoblin. The goblin closely misses your quokka.
Your quokka bites the hobgoblin.
You hit the hobgoblin but do no damage.
The hobgoblin is heavily wounded.
Your bat closely misses the hobgoblin.
Your bat closely misses the goblin.
The hobgoblin barely misses you.
Your quokka bites the hobgoblin.
The goblin hits your quokka with a +0 club.
Your quokka dies!
Your quokka's corpse disappears in a puff of smoke!
You closely miss the hobgoblin.
The hobgoblin is severely wounded.
The bat hits you but does no damage.
Your bat barely misses the hobgoblin.
The hobgoblin misses you. The hobgoblin closely misses your bat.
The bat barely misses your bat.
Your bat hits the hobgoblin but does no damage.
The goblin hits you with a +0 club.
You die...

........#.#.........>...........#
##.####.#....................##.#
......#.#.#........>.........##..
#####.#.#.#................>.###.
#...#.#.#.#..................####
#...#.#.#.#...................##.
..<.#.#.'.#...................##.
#...#.#.#.#.......b..........g.#.
#...#.#.#.#...#.@gb.##.....#.#...
#####.#.#.#.#...#gg.##.g..##..g..
......#.#...###...#...#.g..####.#
##.####.#.#.# ##..###..#.........
........#.#.# #..# ##.#.#.##....
#########.#.# ##.# #...#..#....
..#.# #.# ##..##.#.... ##### #.#
........... ...$......#.


You could see 2 hobgoblins, a goblin, a bat and a friendly bat (summoned).

Vanquished Creatures
  A bat (D:1)
  A quokka (D:1)
  2 frilled lizards (D:1)
4 creatures vanquished.

Vanquished Creatures (collateral kills)
  A dart slug (D:1)
  An endoplasm (D:1)
  A giant cockroach (D:1)
  A hobgoblin (D:1)
  A kobold (D:1)
  A quokka (D:1)
  A rat (D:1)
7 creatures vanquished.

Grand Total: 11 creatures vanquished

Notes
Turn   | Place    | Note
-------+----------+-------------------------------------------
     0 | D:1      | Lanoc the Deep Elf Summoner began the quest for the Orb.
     0 | D:1      | Reached XP level 1. HP: 10/10 MP: 6/6
   627 | D:1      | Reached XP level 2. HP: 5/15 MP: 6/8
   637 | D:1      | Slain by a goblin

Illustrated notes

Levels and vault maps discovered:
D:1:      matt_arrival_refuge, layout_rooms,
          chequers_ecumenical_altar_simple_redux

Action                   || total
-------------------------++-------
Melee: Unarmed           ||    40
 Cast: Summon Small Mamm ||    15
Armor: Robe              ||    14
Dodge: Dodged            ||    41

Table legend: (Time is in decaauts)
 A = Elapsed time spent in this place.
 B = Non-inter-level travel time spent in this place.
 C = Inter-level travel time spent in this place.
 D = Time resting spent in this place.
 E = Time spent auto-exploring this place.
 F = Levels seen in this place.
 G = Mean time per level.
                   A        B        C        D        E       F      G
               +--------+--------+--------+--------+--------+-----+--------+
         Total |    636 |    636 |      0 |      0 |    525 |   1 |  636.0 |
       Dungeon |    636 |    636 |      0 |      0 |    525 |   1 |  636.0 |
               +--------+--------+--------+--------+--------+-----+--------+

Top non-repeatable levels by time:
     D:1: 636 daAuts
